 Dungeon Crawl Stone Soup version 0.19.0-2-gae57169 (webtiles) character file.

72 Larett the Conjurer (level 4, -3/39 HPs)
             Began as an Ogre Conjurer on Nov 6, 2016.
             Slain by an orc
             ... wielding a +0 war axe
              (13 damage)
             ... on level 3 of the Dungeon.
             The game lasted 00:09:39 (2739 turns).

Larett the Conjurer (Ogre Conjurer)                 Turns: 2739, Time: 00:09:40

Health: -3/39      AC:  3    Str: 13    XL:     4   Next: 26%
Magic:  1/7        EV: 10    Int: 14    God:
Gold:   66         SH:  0    Dex: 11    Spells: 2 memorised, 4 levels left

rFire  . . .     SeeInvis .     a - +0 short sword
rCold  . . .     Gourm    .     h - +0 robe
rNeg   . . .     Faith    .     (no shield)
rPois  .         Spirit   .     (helmet restricted)
rElec  .         Reflect  .     (no cloak)
rCorr  .         Harm     .     (gloves unavailable)
MR     .....                    (boots unavailable)
Stlth  ++........               (no amulet)
                                (no ring)
                                (no ring)

@: no status effects
A: unfitting armour, tough skin 1
a: no special abilities


You were on level 3 of the Dungeon.
You were not hungry.

You visited 1 branch of the dungeon, and saw 3 of its levels.

You collected 66 gold pieces.

Inventory:

Hand Weapons
 a - a +0 short sword (weapon)
Missiles
 j - 17 sling bullets
 k - 32 bolts
 o - 30 stones (quivered)
 r - 22 arrows
Armour
 h - a +0 robe (worn)
Jewellery
 e - an uncursed ring of protection from cold {unknown}
 s - an uncursed ring of protection from cold {unknown}
Scrolls
 d - 2 scrolls of enchant armour {unknown}
 g - a scroll of remove curse {unknown}
 i - a scroll of enchant weapon {unknown}
 l - a scroll of random uselessness {unknown}
 n - 4 scrolls of identify {unknown}
Potions
 t - a potion of lignification {unknown}
 u - a potion of brilliance {unknown}
Books
 b - a book of Conjurations

   Spells                             Type                      Level
   a - Magic Dart                     Conjuration                  1
   b - Searing Ray                    Conjuration                  2
   c - Dazzling Spray                 Conjuration/Hexes            3
   d - Fulminant Prism                Conjuration/Hexes            4
   e - Iskenderun's Mystic Blast      Conjuration                  4
   f - Iskenderun's Battlesphere      Conjuration/Charms           5
Comestibles
 c - 5 bread rations
 f - a slice of pizza
 m - 4 fruits
 p - 3 meat rations
 q - a chunk of flesh {@w1}


   Skills:
 - Level 1.7 Dodging
 - Level 1.4 Stealth
 - Level 2.4 Spellcasting
 + Level 4.2 Conjurations


You had 4 spell levels left.
You knew the following spells:

 Your Spells              Type           Power        Failure   Level  Hunger
a - Magic Dart            Conj           ##..         4%          1    #......
b - Searing Ray           Conj           ##....       10%         2    ###....


Dungeon Overview and Level Annotations

Branches:
Dungeon (3/15)

Altars:
Ashenzari
Nemelex Xobeh
Xom
Yredelemnul


Innate Abilities, Weirdness & Mutations

You are too large for most types of armour.
You have tough skin. (AC +1)


Message History

Press: ? - help, Shift-Dir - straight line, f - orc
Aim: an orc The searing ray misses the orc.
The orc shouts!
The orc hits you.
You hit the orc.
The orc is almost dead.
The orc barely misses you.
You closely miss the orc.
The orc is almost dead.
You closely miss the orc. The orc hits you.
* * * LOW HITPOINT WARNING * * *
The orc hits you with a war axe!
* * * LOW HITPOINT WARNING * * *
You hit the orc but do no damage.
The orc is almost dead.
The orc hits you.
* * * LOW HITPOINT WARNING * * *
The orc hits you with a war axe!
You die...

#!# #.# #.# #.#
#.# #.#
#o############
#Oo..........###
#.#########....#
#... #..#.##
#..... #<....#
##...## #.....#
...## #.....#
###.# #.....#
#.# #.....#
#.#..##


You could see 2 orcs.

Vanquished Creatures
  An adder (D:2)
  An ooze (D:2)
  2 worms (D:2)
  A dart slug (D:1)
  2 leopard geckos
  An orc (D:3)
  2 ball pythons
  5 bats
  2 giant cockroaches (D:2)
  2 gnoll zombies (D:2)
  3 goblins
  3 hobgoblins (D:2)
  3 jackals (D:2)
  5 kobolds
  A quokka (D:2)
  3 frilled lizards
  6 rats
43 creatures vanquished.

Notes
Turn   | Place    | Note
-------+----------+-------------------------------------------
     0 | D:1      | Larett the Ogre Conjurer began the quest for the Orb.
     0 | D:1      | Reached XP level 1. HP: 16/16 MP: 3/3
    22 | D:1      | Reached skill level 3 in Conjurations
   564 | D:1      | Reached XP level 2. HP: 24/24 MP: 0/5
   874 | D:1      | Learned a level 2 spell: Searing Ray
  1295 | D:2      | Reached XP level 3. HP: 31/31 MP: 0/6
  1648 | D:2      | Found a shattered altar of Ashenzari.
  1648 | D:2      | Found a sparkling altar of Nemelex Xobeh.
  1649 | D:2      | Found a shimmering altar of Xom.
  2076 | D:2      | Reached skill level 4 in Conjurations
  2144 | D:2      | Found a basalt altar of Yredelemnul.
  2240 | D:2      | Reached XP level 4. HP: 39/39 MP: 3/7
  2739 | D:3      | Slain by an orc

Skill      XL: |  1  2  3 |
---------------+----------+-----
Conjurations   | 3 4 |  4.2
Dodging        | |  1.7
Stealth        | |  1.4
Spellcasting   | |  2.4

Action                   |  1- 3 |  4- 6 || total
-------------------------+-------+-------++-------
Melee: Short sword       |    78 |    15 ||    93
       Unarmed           |     7 |       ||     7
 Cast: Magic Dart        |    32 |    11 ||    43
       Searing Ray       |    10 |     4 ||    14
  Use: Scroll            |     1 |       ||     1
 Stab: Sleeping          |     1 |       ||     1
  Eat: Chunk             |     5 |     2 ||     7
Armor: Robe              |    60 |     2 ||    62
Dodge: Dodged            |    68 |     6 ||    74
